 Dungeon Crawl Stone Soup version 0.23.0 (webtiles) character file.

Game seed: 8078737842747139848

313 inmateoo the Changer (level 6, 0/38 HPs)
             Began as an Octopode Transmuter on Feb 15, 2019.
             Slain by a gnoll
             ... wielding a +0 dagger
              (4 damage)
             ... on level 3 of the Dungeon.
             The game lasted 00:02:36 (2297 turns).

inmateoo the Changer (Octopode Transmuter)          Turns: 2297, Time: 00:02:37

Health: 0/38       AC:  1    Str:  9    XL:     6   Next: 43%
Magic:  8/9        EV: 13    Int: 22    God:
Gold:   93         SH:  0    Dex: 13    Spells: 3/9 levels left

rFire    . . .     SeeInvis .     - Unarmed
rCold    . . .     Gourm    .   (no shield)
rNeg     . . .     Faith    .   (helmet restricted)
rPois    .         Spirit   .   (no amulet)
rElec    .         Reflect  .   (no ring)
rCorr    .         Harm     .   (no ring)
MR       .....                  (no ring)
Stlth    ++++......             (no ring)
HPRegen  0.12/turn              (no ring)
MPRegen  0.11/turn              (no ring)
                                (no ring)
                                (no ring)

@: brilliant
A: almost no armour, stealthy swim, amphibious, 8 rings, constrict 8, camouflage
1, gelatinous body 1
a: no special abilities


You were on level 3 of the Dungeon.
You were near starving.

You visited 1 branch of the dungeon, and saw 3 of its levels.

You collected 93 gold pieces.

Inventory:

Missiles
 a - 57 arrows
Scrolls
 b - 2 scrolls of identify {unknown}
 g - a scroll of amnesia
Potions
 d - a potion of haste {unknown}
 e - a potion of brilliance
 f - a potion of agility {unknown}
 h - a potion of heal wounds {unknown}
 i - a potion of curing {unknown}
Comestibles
 c - 3 rations


   Skills:
 + Level 1.0 Fighting
 + Level 2.0 Dodging
 - Level 4.0 Stealth
 * Level 3.1 Unarmed Combat
 + Level 2.0 Spellcasting
 + Level 5.7 Transmutations


You had 3 spell levels left.
You knew the following spells:

 Your Spells              Type           Power        Failure   Level  Hunger
a - Beastly Appendage     Tmut           #####.       1%          1    #......
b - Sticks to Snakes      Tmut           #####...     1%          2    ##.....
c - Spider Form           Tmut/Pois      ####......   1%          3    ###....

Your spell library contained the following spells:

 Spells                   Type           Power        Failure   Level  Hunger
 Ice Form                 Ice/Tmut       ####....     4%          4    #####..
 Blade Hands              Tmut           #####.....   4%          5    ######.


Dungeon Overview and Level Annotations

Branches:
Dungeon (3/15)

Altars:

Annotations:
D:3 1 runed translucent door, Crazy Yiuf, Sigmund


Innate Abilities, Weirdness & Mutations

You cannot wear most types of armour.
You are very stealthy in the water. (Stealth+)
You are amphibious.
You can wear up to eight rings at the same time.
You can use your tentacles to constrict eight enemies at once.
Your skin changes colour to match your surroundings (Stealth+).
Your rubbery body absorbs attacks. (AC +1, EV +1)


Message History

Unknown command.
You barely miss the gnoll. You grab the gnoll. You constrict the gnoll.
The gnoll hits you with a +0 dagger.
* * * LOW HITPOINT WARNING * * *
The gnoll hits you from afar with a +0 halberd!
* * * LOW HITPOINT WARNING * * *
Unknown command.
You release your grip on the gnoll.
It was a potion of brilliance.
You feel clever all of a sudden. The gnoll closely misses you.
The gnoll hits you but does no damage.
Unknown command.
Casting: Spider Form (safe; 1% risk of failure)
Confirm with . or Enter, or press ? or * to list all spells.
Okay, then.
As you read the scroll labeled ATRIQARH EDGHI, it crumbles to dust.
It is a scroll of amnesia.
Okay, then.
The gnoll hits you with a +0 dagger.
You die...

#############
######............
#.g)g..######>####
#g###### ...# ..
#@# ..##.#.## #.#
#. #.# ###### ### #
#.. #.[..# ###
#.#####♣♣♣♣♣ #.##
#.###....♣.♣♣♣ ###
#...
#.........♣..♣#...#
####
#.#......♣♣♣♣.+..g#
# #.##....♣♣
♣♣#..)# #


You could see 2 gnolls.

Vanquished Creatures
  Grinder (D:3)
  3 gnolls
  4 adders (D:2)
  A worm (D:3)
  A dart slug (D:1)
  3 leopard geckos
  2 bats
  3 giant cockroaches
  5 goblins
  A hobgoblin (D:1)
  4 jackals (D:1)
  A ball python (D:1)
  A frilled lizard (D:1)
  5 kobolds
  8 rats
43 creatures vanquished.

Notes
Turn   | Place    | Note
-------+----------+-------------------------------------------
     0 | D:1      | inmateoo the Octopode Transmuter began the quest for the
                  | Orb.
     0 | D:1      | Reached XP level 1. HP: 13/13 MP: 3/3
    32 | D:1      | Reached skill level 1 in Stealth
    90 | D:1      | Reached XP level 2. HP: 16/18 MP: 5/5
   352 | D:1      | Reached XP level 3. HP: 7/23 MP: 4/6
   365 | D:1      | Learned a level 2 spell: Sticks to Snakes
   369 | D:1      | Learned a level 3 spell: Spider Form
  1037 | D:2      | Reached skill level 3 in Transmutations
  1037 | D:2      | Reached XP level 4. HP: 7/28 MP: 5/7
  1763 | D:3      | Noticed Grinder
  1770 | D:3      | Killed Grinder
  1770 | D:3      | Reached skill level 5 in Transmutations
  1770 | D:3      | Reached XP level 5. HP: 6/33 MP: 8/8
  1770 | D:3      | Reached XP level 6. HP: 7/38 MP: 9/9
  2076 | D:3      | Found a runed translucent door.
  2077 | D:3      | Noticed Crazy Yiuf
  2194 | D:3      | Noticed Sigmund
  2297 | D:3      | Slain by a gnoll

Skill      XL: |  1  2  3  4 |
---------------+-------------+-----
Stealth        | 2 4 |  4.0
Transmutations | 3 5 |  5.7
Fighting       | |  1.0
Dodging        | |  2.0
Unarmed Combat | |  3.1
Spellcasting   | |  2.0

Action                   |  1- 3 |  4- 6 || total
-------------------------+-------+-------++-------
Melee: Unarmed           |    74 |    53 ||   127
       Constrict         |    18 |     9 ||    27
       Tentacles         |    11 |     5 ||    16
       Kick              |     2 |       ||     2
 Cast: Beastly Appendage |     2 |     1 ||     3
       Sticks to Snakes  |       |     4 ||     4
       Spider Form       |       |     1 ||     1
  Use: Scroll            |       |     1 ||     1
       Potion            |       |     1 ||     1
 Stab: Sleeping          |     8 |     4 ||    12
  Eat: Chunk             |       |     3 ||     3
Armor: Skin              |     2 |     1 ||     3
Dodge: Dodged            |    47 |    24 ||    71
